 Dungeon Crawl Stone Soup version 0.29.1-12-g30fa7ad0bf (webtiles) character file.

Game seed: 10612200090376661497

47 xian the Gusty (level 3, -1/24 HPs)
             Began as a Demonspawn Air Elementalist on Jan 16, 2023.
             Slain by Grinder (9 damage)
             ... on level 3 of the Dungeon.
             The game lasted 00:04:43 (2411 turns).

xian the Gusty (Demonspawn Air Elementalist)        Turns: 2411, Time: 00:04:44

Health: -1/24      AC:  4    Str:  8    XL:     3   Next: 48%
Magic:  0/6        EV: 11    Int: 18    God:
Gold:   62         SH:  0    Dex: 13    Spells: 0/6 levels left

rFire   . . .      SeeInvis .   e - +0 short sword
rCold   . . .      Faith    .   (no shield)
rNeg    . . .      Spirit   .   f - +0 leather armour
rPois   .          Reflect  .   (no helmet)
rElec   .          Harm     .   (no cloak)
rCorr   .          Rampage  .   (no gloves)
Will    .....                   k - +0 pair of boots
Stlth   ++........              (no amulet)
HPRegen 0.08/turn               (no ring)
MPRegen 0.10/turn               (no ring)

@: swift (expiring), very quick
A: powered by death 1
a: no special abilities


You were on level 3 of the Dungeon.
You visited 1 branch of the dungeon, and saw 3 of its levels.

You collected 95 gold pieces.
You spent 33 gold pieces at shops.

Inventory:

Hand Weapons
 e - a +0 short sword (weapon)
Armour
 f - a +0 leather armour (worn)
 k - a +0 pair of boots (worn)
Wands
 j - a wand of quicksilver (11)
Scrolls
 c - a scroll of silence
 h - a scroll of poison
 i - 2 scrolls of teleportation
Potions
 a - 2 potions of mutation {unknown}
 b - a potion of magic
 d - 2 potions of might {unknown}
 g - 3 potions of curing {unknown}


   Skills:
 * Level 1.3 Armour
 + Level 2.1 Dodging
 + Level 1.7 Stealth
 + Level 2.2 Spellcasting
 + Level 1.3 Conjurations
 + Level 3.2 Air Magic


You couldn't memorise any spells.
You knew the following spells:

 Your Spells              Type           Power      Damage    Failure   Level
a - Shock                 Conj/Air       40%        1d5       10%         1
b - Static Discharge      Conj/Air       10%        3-5/arc   14%         2
c - Swiftness             Air            13%        N/A       19%         3

Your spell library contained the following spells:

 Spells                   Type           Power      Damage    Failure   Level
 Slow                     Hex            8%         N/A       26%         1
 Airstrike                Air            6%         2d(1-17)  54%         4
 Confusing Touch          Hex            2%         N/A       58%         3
 Vampiric Draining        Necr           2%         2d6       58%         3


Dungeon Overview and Level Annotations

Branches:
Dungeon (3/15)

Altars:
Dithmenos

Shops:
D:1 ?

Annotations:
D:3 Grinder


Innate Abilities, Weirdness & Mutations

You regenerate a little health from kills.


Message History

Confirm with . or Enter, or press ? or * to list all spells.
Grinder is struck by an arc of lightning.
Grinder is lightly wounded.
You are struck by an arc of lightning.
Grinder is struck by an arc of lightning.
Grinder is moderately wounded.
The lightning grounds out.
Grinder says, "There's only one good use for a tongue: cutting it out."
Grinder blinks!
You hit Grinder but do no damage.
Grinder is moderately wounded.
Grinder hits you.
You barely miss Grinder.
Grinder is moderately wounded.
Grinder misses you.
You hit Grinder.
Grinder is moderately wounded.
Grinder blinks!
Grinder barely misses you.
You barely miss Grinder.
Grinder is moderately wounded.
Grinder hits you.
You writhe in agony.
You hit Grinder but do no damage.
Grinder is moderately wounded.
You start to feel a little slower.
Grinder says, "What is the universe for?"
Grinder blinks!
There is a stone staircase leading down here.
Casting: Static Discharge (safe; 14% risk of failure)
Confirm with . or Enter, or press ? or * to list all spells.
Grinder is struck by an arc of lightning!
Grinder is heavily wounded.
You are struck by an arc of lightning.
The lightning grounds out.
Grinder gestures at you.
You barely resist.
There is a stone staircase leading down here.
You hit Grinder.
Grinder is heavily wounded.
Grinder hits you!
You die...

......# .. ..#.#
... #...# .... #.#
# ...## #.####...
...## ##.†......
#..###...###...
#..##5........
......#
#....@#####...
......# #.##..# .
......# #.##..#
......# #.##..#
...)..######†##..#
............._...#
...............#.#
#.............#.#
#.............#.#


You could see Grinder.

Vanquished Creatures
  An adder (D:3)
  A dart slug (D:3)
  4 ball pythons
  7 bats
  3 giant cockroaches
  5 goblins
  A hobgoblin (D:1)
  5 kobolds
  3 quokkas
  2 frilled lizards
  A quokka skeleton (D:2)
  5 rats
38 creatures vanquished.

Notes
Turn   | Place    | Note
-------+----------+-------------------------------------------
     0 | D:1      | xian the Demonspawn Air Elementalist began the quest for
                  | the Orb.
     0 | D:1      | Reached XP level 1. HP: 13/13 MP: 3/3
   209 | D:1      | Reached skill level 3 in Air Magic
   403 | D:1      | Gained mutation: You regenerate a little health from kills.
                  | [demonic ancestry]
   403 | D:1      | Reached XP level 2. HP: 19/19 MP: 0/5
   531 | D:1      | Found Ceaplu's Magic Scroll Shoppe.
   572 | D:1      | Bought a scroll of noise for 11 gold pieces
   572 | D:1      | Bought a scroll of identify for 22 gold pieces
  1624 | D:2      | Found a shadowy altar of Dithmenos.
  1743 | D:2      | Reached XP level 3. HP: 24/24 MP: 3/6
  2200 | D:3      | Reached skill level 1 in Armour
  2202 | D:3      | Found a faded altar of an unknown god.
  2301 | D:3      | Learned a level 2 spell: Static Discharge
  2305 | D:3      | Learned a level 3 spell: Swiftness
  2386 | D:3      | Noticed Grinder
  2411 | D:3      | Slain by Grinder

Illustrated notes

Levels and vault maps discovered:
D:1:      evilmike_arrival_fibonacci_small, layout_loops_ring, serial_shops,
          nicolae_diamond_shop
D:2:      layout_basic, serial_undead, serial_undead_d, serial_undead_f,
          serial_undead_e, serial_undead_c, basic_altar
D:3:      layout_basic, marbit_many_paths, basic_ecumenical_altar,
          minmay_misc_feat_tiny, uniq_sigmund, uniq_natasha, uniq_grinder,
          uniq_terence

Skill      XL: |  1  2  3 |
---------------+----------+-----
Air Magic      | 3 |  3.2
Dodging        | 2 |  2.1
Armour         | 1 |  1.3
Stealth        | |  1.7
Spellcasting   | |  2.2
Conjurations   | |  1.3

Action                   || total
-------------------------++-------
Melee: Short sword       ||    28
       Punch             ||     1
 Cast: Shock             ||    67
       Static Discharge  ||     2
       Swiftness         ||     1
  Use: Scroll            ||     3
Armor: Leather armour    ||    11
Dodge: Dodged            ||    25
